Map: Ruby Rock LE

Players

fgsfds - Winner!

  • Race: Terran Terran

A.I. 1 (Elite)

  • Race: Zerg Zerg

VOD

Have the link to the VOD?

Description

Time

  • Played on: June 13, 2026, 8:37 a.m.
  • Length: 11:55
Show
View Real Time Build Order
Export as new Build Order

fgsfds Terran - Winner!

Build Orders: Hellion Banshee 

Get SALT Encoding   

  8  0:00  SCV  
  9  0:12  SCV  
  10  0:24  SCV  
  10  0:28  Supply Depot  
  11  0:37  SCV  
  12  0:49  SCV  
  13  0:54  Barracks  
  13  1:01  SCV  
  14  1:13  SCV  
  15  1:25  SCV  
  16  1:41  Orbital Command, Marine  
  17  1:54  Command Center  
  17  1:59  Marine  
  18  2:04  Refinery  
  18  2:07  SCV  
  19  2:14  Refinery  
  19  2:18  Marine  
  19  2:21  SCV  
  21  2:28  Supply Depot  
  21  2:33  SCV  
  22  2:45  SCV  
  23  2:54  Factory  
  23  2:57  SCV  
  24  3:03  Barracks Reactor  
  24  3:06  Orbital Command  
  24  3:10  SCV, Supply Depot  
  25  3:22  SCV  
  26  3:33  SCV  
  26  3:34  SCV  
  28  3:37  Supply Depot  
  28  3:40  Starport  
  28  3:45  SCV  
  28  3:46  Barracks Tech Lab  
  30  3:48  SCV  
  30  3:50  Hellion x2  
  34  3:57  SCV  
  34  4:00  SCV  
  34  4:02  Supply Depot  
  36  4:09  SCV  
  37  4:11  Hellion  
  37  4:12  Hellion, SCV  
  42  4:21  SCV  
  42  4:23  Banshee  
  46  4:25  Cloaking Field  
  46  4:27  Barracks Tech Lab  
  46  4:31  Supply Depot, SCV  
  46  4:38  Hellion x2, SCV  
  52  4:46  Stimpack  
  52  4:47  Marine  
  53  4:54  Barracks, Engineering Bay  
  53  4:55  SCV x2  
  55  5:01  Hellion  
  55  5:02  Hellion  
  53  5:23  SCV x2, Marine  
  53  5:25  Hellion x2  
  53  5:26  Banshee  
  61  5:35  SCV x2  
  63  5:37  Command Center  
  63  5:43  Marine  
  63  5:44  Barracks Reactor  
  63  5:47  SCV, Terran Infantry Weapons Level 1, Barracks  
  65  5:50  SCV  
  65  5:52  Engineering Bay  
  66  5:58  Hellion x2  
  66  6:02  Marine  
  66  6:03  SCV  
  72  6:04  SCV  
  72  6:10  Supply Depot  
  73  6:25  Marine  
  73  6:26  Marine, Combat Shield  
  77  6:34  Supply Depot  
  77  6:35  SCV x2  
  77  6:37  Barracks  
  77  6:40  Barracks Reactor  
  77  6:41  Marauder  
  77  6:42  Siege Tank  
  77  6:44  Terran Infantry Armor Level 1  
  82  6:47  SCV  
  82  6:50  Armory  
  83  6:54  Refinery  
  83  6:58  Refinery  
  83  7:02  Marauder  
  85  7:15  SCV x2  
  87  7:21  Medivac  
  89  7:22  Marine  
  89  7:23  Marine  
  89  7:24  Marine x2  
  89  7:26  Barracks Reactor, Barracks  
  89  7:27  SCV x2  
  95  7:33  Supply Depot  
  95  7:34  Bunker  
  95  7:39  Marauder  
  95  7:40  Marine x2  
  95  7:41  Supply Depot  
  95  7:42  Marine x2  
  95  7:43  SCV  
  95  7:44  SCV  
  104  7:45  Orbital Command  
  103  7:51  Terran Infantry Weapons Level 2  
  103  7:54  Supply Depot  
  103  7:55  SCV  
  103  7:56  SCV  
  105  7:59  Supply Depot  
  105  8:01  Marauder  
  107  8:16  Supply Depot  
  107  8:22  Marauder  
  107  8:23  SCV x3  
  107  8:24  Supply Depot  
  107  8:26  Marine  
  113  8:28  Barracks Tech Lab, Marine  
  113  8:29  Marine x4  
  118  8:34  Medivac  
  118  8:35  Medivac, SCV x3  
  118  8:39  Supply Depot x2  
  125  8:43  Marauder  
  125  8:44  Marine  
  125  8:46  Supply Depot, Marine  
  125  8:47  Marine x4, Supply Depot  
  125  8:48  SCV x2  
  132  8:59  Refinery  
  132  9:02  Marine  
  133  9:04  SCV x2, Marine x2, Medivac  
  133  9:05  Marauder  
  133  9:09  Barracks  
  138  9:11  Terran Infantry Armor Level 2  
  138  9:12  SCV  
  138  9:13  Marine x4  
  138  9:14  Siege Tank, Barracks  
  138  9:16  SCV  
  147  9:17  Medivac  
  147  9:23  Concussive Shells  
  149  9:26  Marauder  
  151  9:33  SCV x2  
  151  9:34  SCV  
  151  9:36  Refinery  
  151  9:37  Supply Depot  
  151  9:38  Supply Depot  
  154  9:45  SCV x2  
  155  9:46  Marine x2, SCV  
  155  9:47  Barracks, Marauder  
  155  9:48  Marauder, Siege Tank  
  155  9:49  Medivac  
  155  9:50  Medivac  
  155  9:51  Marine  
  155  9:52  Marine x3  
  174  9:55  Marine  
  174  9:57  SCV  
  176  10:00  Supply Depot x2  
  176  10:03  Marine  
  176  10:04  Marine  
  178  10:08  SCV, Marine x3  
  178  10:09  Marine x2, SCV  
  186  10:19  Medivac  
  186  10:20  Siege Tank  
  191  10:24  Supply Depot  
  185  10:29  SCV  
  179  10:52  Siege Tank  
  179  10:53  Medivac x2, Marine  
  179  10:54  Marauder  
  179  10:55  Missile Turret, Marauder, Barracks Tech Lab x2  
  179  10:56  Marine x3, Command Center  
  194  11:01  Refinery  
  194  11:03  Ghost Academy  
  194  11:10  Command Center  
  189  11:13  Marine x6  
  189  11:14  Marine x2  
  189  11:16  Marauder, SCV  
  200  11:31  Marine  
Show
View Real Time Build Order
Export as new Build Order

A.I. 1 (Elite) Zerg 

Build Orders: Pool First 

Get SALT Encoding   

  8  0:00  Drone  
  9  0:11  Drone  
  10  0:16  Drone  
  11  0:22  Drone  
  12  0:33  Overlord  
  12  0:51  Drone x2  
  12  0:54  Drone  
  15  1:05  Drone  
  16  1:15  Spawning Pool, Drone  
  16  1:26  Drone  
  17  1:42  Drone, Hatchery  
  17  1:45  Extractor  
  16  1:48  Drone  
  17  1:58  Drone  
  18  2:09  Drone  
  19  2:19  Overlord  
  19  2:30  Drone  
  20  2:37  Queen  
  20  2:41  Zergling x2  
  23  2:52  Drone  
  23  2:54  Queen, Drone  
  27  3:02  Roach Warren  
  27  3:05  Extractor  
  25  3:07  Drone  
  25  3:11  Drone  
  27  3:18  Overlord  
  27  3:22  Drone  
  27  3:25  Drone  
  29  3:28  Drone  
  30  3:35  Drone  
  30  3:37  Drone  
  32  3:45  Zergling x2  
  32  3:48  Zergling x2  
  34  3:54  Roach x3  
  40  3:58  Overlord  
  40  4:14  Lair  
  40  4:16  Drone x2, Roach  
  44  4:18  Metabolic Boost  
  44  4:24  Drone  
  44  4:27  Drone  
  44  4:29  Drone  
  47  4:31  Drone  
  47  4:35  Overlord  
  48  4:53  Drone x4  
  48  4:54  Drone  
  48  4:56  Evolution Chamber, Drone  
  48  4:57  Evolution Chamber  
  48  4:58  Drone  
  53  5:00  Drone  
  53  5:04  Overlord  
  56  5:07  Roach  
  56  5:12  Roach  
  52  5:19  Hydralisk Den  
  47  5:24  Drone  
  47  5:27  Drone  
  49  5:29  Drone  
  49  5:32  Drone  
  49  5:33  Drone  
  52  5:36  Drone  
  52  5:38  Drone  
  52  5:40  Drone  
  55  5:44  Overlord  
  55  5:46  Drone  
  55  5:49  Drone, Hydralisk  
  59  5:52  Hydralisk  
  59  5:55  Drone  
  59  5:56  Drone  
  63  6:02  Drone  
  64  6:04  Infestation Pit  
  64  6:09  Overlord  
  63  6:11  Drone  
  63  6:13  Drone  
  63  6:15  Drone  
  63  6:16  Drone  
  68  6:18  Drone  
  68  6:20  Drone  
  69  6:27  Overlord, Drone x2  
  69  6:29  Roach  
  73  6:33  Roach x2  
  77  6:41  Infestor  
  77  6:45  Infestor, Overlord, Roach  
  83  6:49  Zerg Missile Weapons Level 1  
  83  6:52  Extractor  
  83  6:53  Drone  
  83  6:57  Overseer, Extractor  
  83  6:59  Drone, Hatchery  
  83  7:01  Drone  
  82  7:02  Drone  
  82  7:05  Drone  
  83  7:09  Drone  
  83  7:12  Drone  
  83  7:14  Drone  
  83  7:17  Drone  
  83  7:22  Drone  
  81  7:26  Hydralisk  
  74  7:30  Zergling x2  
  74  7:32  Hydralisk  
  74  7:34  Drone  
  74  7:36  Drone  
  75  7:38  Drone  
  75  7:39  Drone  
  75  7:42  Drone  
  77  7:47  Zergling x2  
  72  7:53  Roach  
  72  7:57  Zerg Ground Armor Level 1  
  72  7:58  Infestor, Roach  
  72  7:59  Roach  
  72  8:04  Roach  
  73  8:09  Roach  
  73  8:10  Hydralisk  
  73  8:14  Drone  
  73  8:19  Extractor  
  70  8:20  Zergling x2  
  70  8:21  Hydralisk  
  70  8:25  Drone  
  67  8:29  Zergling x2  
  67  8:30  Drone x2  
  67  8:31  Ravager, Drone  
  67  8:32  Drone  
  69  8:36  Drone  
  64  8:42  Drone  
  64  8:43  Drone  
  64  8:46  Zergling x2  
  64  8:53  Drone, Hydralisk  
  62  8:57  Drone  
  62  8:59  Pneumatized Carapace  
  62  9:01  Hydralisk  
  62  9:02  Zergling x2, Roach  
  65  9:04  Roach  
  65  9:05  Roach  
  65  9:07  Hydralisk  
  71  9:13  Burrow, Spine Crawler  
  71  9:15  Drone, Roach  
  71  9:17  Spine Crawler  
  72  9:19  Roach  
  72  9:23  Ravager  
  75  9:26  Roach x2  
  75  9:29  Roach  
  81  9:32  Zerg Missile Weapons Level 2  
  81  9:33  Infestor, Roach, Drone  
  81  9:37  Drone x2  
  88  9:40  Drone  
  89  9:47  Overlord  
  89  9:48  Drone  
  89  9:51  Drone  
  91  9:58  Drone  
  91  9:59  Drone  
  93  10:00  Baneling Nest  
  93  10:01  Drone  
  93  10:04  Infestor  
  93  10:05  Drone, Roach  
  98  10:08  Roach  
  98  10:09  Zergling x2  
  98  10:10  Overlord  
  98  10:12  Drone  
  100  10:19  Drone  
  98  10:21  Drone  
  98  10:23  Drone  
  98  10:27  Spore Crawler  
  83  10:30  Zergling x2  
  83  10:31  Drone x2  
  83  10:32  Zergling x2, Drone x2  
  83  10:34  Roach  
  63  10:36  Hydralisk  
  63  10:37  Zergling x2, Roach  
  63  10:40  Ravager  
  62  10:43  Queen  
  62  10:44  Drone  
  61  10:55  Zergling x4  
  60  11:01  Queen  
  60  11:02  Drone x3  
  60  11:04  Drone  
  52  11:06  Roach  
  46  11:17  Zergling x2  
  31  11:27  Zergling x2  
  27  11:37  Drone  
Tags
 
Add a new tag
Caveats
  • Supply blocks, unpowered buildings, or Contaminate may cause inaccurate times.
  • Supply counts are checked every 10 seconds.